 Dungeon Crawl Stone Soup version 0.29.1-13-g9f3cf754e1 (webtiles) character file.

Game seed: 12242663174029371041

43 KittyFluff the Trooper (level 3, -3/24 HPs)
             Began as a Gargoyle Berserker on Feb 6, 2023.
             Was a Believer of Trog.
             Slain by a gnoll
             ... wielding a +0 flail
              (13 damage)
             ... on level 2 of the Dungeon.
             The game lasted 00:04:43 (919 turns).

KittyFluff the Trooper (Gargoyle Berserker)          Turns: 919, Time: 00:04:44

Health: -3/24      AC:  5    Str: 19 (20) XL:     3   Next: 58%
Magic:  3/3        EV: 11    Int:  5 (7)  God:    Trog [**....]
Gold:   68         SH:  0    Dex:  8 (11) Spells: 2/2 levels left

rFire   . . .      SeeInvis .   a - +0 mace
rCold   . . .      Faith    .   (no shield)
rNeg    + . .      Spirit   .   b - +0 animal skin
rPois   ∞          Reflect  .   (no helmet)
rElec   +          Harm     .   (no cloak)
rCorr   .          Rampage  .   (no gloves)
Will    .....                   (no boots)
Stlth   +.........              (no amulet)
HPRegen 0.08/turn               (no ring)
MPRegen 0.08/turn               (no ring)

@: no status effects
A: sickness immunity, AC +3, negative energy resistance 1, electricity
resistance, torment resistance 1, petrification resistance
a: Renounce Religion, Berserk, Trog's Hand


You were on level 2 of the Dungeon.
You worshipped Trog.
Trog was pleased with you.
You visited 1 branch of the dungeon, and saw 2 of its levels.

You collected 68 gold pieces.

Inventory:

Hand Weapons
 a - a +0 mace (weapon)
Missiles
 d - 28 stones (quivered)
 j - 2 javelins
 o - 6 poisoned darts
Armour
 b - a +0 animal skin (worn)
 c - a +0 ring mail
Scrolls
 e - a scroll of identify {unknown}
 f - 2 scrolls of amnesia {unknown}
 g - 2 scrolls of summoning {unknown}
 i - a scroll of poison {unknown}
 k - a scroll of blinking {unknown}
 m - a scroll of vulnerability {unknown}
Potions
 l - a potion of flight {unknown}


   Skills:
 + Level 4.0 Fighting
 + Level 3.5 Maces & Flails
 + Level 2.5 Armour
 + Level 1.8 Dodging
 + Level 0.2 Stealth


You had 2 spell levels left.
You didn't know any spells.
Your spell library was empty.

Dungeon Overview and Level Annotations

Branches:
Dungeon (2/15)

Altars:


Innate Abilities, Weirdness & Mutations

You are immune to sickness and miasma.
Your stone body is resilient. (AC +3)
You are immune to poison.
You resist negative energy. (rN+)
You are resistant to electric shocks. (rElec)
You are resistant to unholy torment.
You are immune to petrification.


Message History

There is a faded altar of an unknown god here.
Found 8 gold pieces.
You now have 68 gold pieces (gained 8).
A giant cockroach comes into view.
Found a scroll labelled RAITIDE IDAS.
A kobold comes into view.
It is wielding a +0 short sword. 2 gnolls come into view.
Found a scroll labelled AVEKOOMIHOR.
The kobold shouts!
The giant cockroach bites you but does no damage.
The giant cockroach closely misses you.
The gnoll moves out of view.
You closely miss the giant cockroach.
The gnoll shouts!
You hear a shout!
The giant cockroach closely misses you.
A gnoll comes into view. It is wielding a +0 flail.
The gnoll shouts!
You sock the giant cockroach!
You kill the giant cockroach!
Trog accepts your kill.
A gnoll comes into view. It is wielding a +0 flail.
The gnoll shouts!
The gnoll moves out of view.
You see here a giant cockroach corpse.
The gnoll barely misses you. The kobold hits you but does no damage.
The kobold hits you with a +0 short sword.
The gnoll attacks as you move away! The gnoll hits you with a +0 flail!
The kobold attacks as you move away! The kobold barely misses you.
The kobold attacks as you move away! The kobold closely misses you.
The gnoll hits you with a +0 flail. The gnoll attacks as you move away!
The gnoll hits you with a +0 flail!
* * * LOW HITPOINT WARNING * * *
The gnoll attacks as you move away! The gnoll misses you.
It was a potion of degeneration.
There was something very wrong with that liquid.
You feel weakened.
You feel dopey.
You feel clumsy. The gnoll misses you.
It was a potion of curing.
You feel better. The gnoll hits you with a +0 flail!
Ouch! That really hurt!
You die...

##################
#..@ggKg.........###
#.#####g............
# #.#.#####..###
#g†#.# #..# #g###.#
#..# #....## #.##...
#..g?# #.#.... #?.##
....... #. .....#


You could see 4 gnolls and a kobold.

Vanquished Creatures
  A dart slug (D:1)
  5 ball pythons (D:1)
  2 bats (D:1)
  4 endoplasms
  3 giant cockroaches
  3 hobgoblins
  3 jackals (D:2)
  2 quokkas (D:1)
  3 frilled lizards (D:1)
  A goblin (D:1)
  6 kobolds
  5 rats
38 creatures vanquished.

Vanquished Creatures (others)
  2 plants (D:1)
2 creatures vanquished.

Grand Total: 40 creatures vanquished

Notes
Turn   | Place    | Note
-------+----------+-------------------------------------------
     0 | D:1      | KittyFluff the Gargoyle Berserker began the quest for the
                  | Orb.
     0 | D:1      | Reached XP level 1. HP: 14/14 MP: 1/1
   121 | D:1      | Reached XP level 2. HP: 16/19 MP: 2/2
   324 | D:1      | Reached XP level 3. HP: 12/24 MP: 3/3
   332 | D:1      | Reached ** piety under Trog
   842 | D:2      | Reached skill level 4 in Fighting
   885 | D:2      | Found a faded altar of an unknown god.
   915 | D:2      | HP: 1/24 [gnoll/+0 flail (7)]
   919 | D:2      | Slain by a gnoll

Illustrated notes

Levels and vault maps discovered:
D:1:      lemuel_arrival_tunnels, layout_basic, serial_bayou_pond_a
D:2:      layout_loops_ring, basic_ecumenical_altar, basic_altar

Skill      XL: |  1  2  3 |
---------------+----------+-----
Fighting       | 4 |  4.0
Maces & Flails | |  3.5
Armour         | |  2.5
Dodging        | |  1.8
Stealth        | |  0.2

Action                   || total
-------------------------++-------
Melee: Mace              ||    86
  Use: Potion            ||     2
 Stab: Sleeping          ||     2
Armor: Animal skin       ||    28
Dodge: Dodged            ||    64
